 Dungeon Crawl Stone Soup version 0.23.2-1-ga50397a6bc (webtiles) character file.

Game seed: 6492729741528175244

46 Revguard the Skirmisher (level 3, -1/24 HPs)
             Began as a Gargoyle Fighter on Apr 30, 2019.
             Killed by nerve-wracking pain
             ... invoked by a shadow imp
             ... summoned by Natasha
              (6 damage)
             ... on level 2 of the Dungeon.
             The game lasted 00:03:03 (1278 turns).

Revguard the Skirmisher (Gargoyle Fighter)          Turns: 1278, Time: 00:03:03

Health: -1/24      AC: 12    Str: 19    XL:     3   Next: 68%
Magic:  3/3        EV:  5    Int:  8    God:
Gold:   80         SH:  9    Dex: 10    Spells: 2/2 levels left

rFire    . . .     SeeInvis .   a - +0 flail
rCold    . . .     Gourm    .   c - +0 shield
rNeg     + . .     Faith    .   g - +0 chain mail
rPois    ∞         Spirit   .   (no helmet)
rElec    +         Reflect  .   (no cloak)
rCorr    .         Harm     .   (no gloves)
MR       .....                  (no boots)
Stlth    ..........             (no amulet)
HPRegen  0.08/turn              (no ring)
MPRegen  0.08/turn              (no ring)

@: slowed, very slow
A: negative energy resistance 1, electricity resistance, unbreathing,
petrification resistance, rot immunity, AC +3
a: no special abilities


You were on level 2 of the Dungeon.
You were not hungry.

You visited 1 branch of the dungeon, and saw 2 of its levels.

You collected 80 gold pieces.

Inventory:

Hand Weapons
 a - a +0 flail (weapon)
Armour
 b - a +0 scale mail
 c - a +0 shield (worn)
 g - a +0 chain mail (worn)
Scrolls
 e - a scroll of enchant weapon {unknown}
 h - 3 scrolls of teleportation
 i - a scroll of blinking {unknown}
 k - a scroll of remove curse {unknown}
 m - a scroll of enchant armour {unknown}
 n - a scroll of magic mapping {unknown}
Potions
 d - a potion of might
 l - a potion of curing
Comestibles
 f - 4 rations
 j - a chunk of flesh


   Skills:
 + Level 3.7 Fighting
 + Level 2.7 Maces & Flails
 + Level 3.7 Armour
 + Level 3.7 Shields


You had 2 spell levels left.
You didn't know any spells.
Your spell library was empty.

Dungeon Overview and Level Annotations

Branches:
Dungeon (2/15)

Altars:

Annotations:
D:2 Natasha


Innate Abilities, Weirdness & Mutations

You are resistant to torment.
Your stone body is resilient. (AC +3)
You are immune to poison.
You resist negative energy. (rN+)
You are resistant to electric shocks. (rElec)
You can survive without breathing.
You are immune to petrification.
You are immune to rotting.


Message History

Natasha mumbles some strange words.
You sock Natasha!
Natasha is severely wounded.
Natasha mumbles some strange words.
You closely miss Natasha.
Natasha is severely wounded.
The white imp disappears in a puff of smoke!
Natasha stares at you and mumbles some strange words.
The magic dart hits you.
* * * LOW HITPOINT WARNING * * *
The shadow imp hits you but does no damage.
The white imp hits you but does no damage.
Natasha claws you.
* * * LOW HITPOINT WARNING * * *
You block the shadow imp's attack. The white imp completely misses you.
You closely miss Natasha.
Natasha is severely wounded.
Natasha mumbles some strange words.
The shadow imp gestures at you. Pain shoots through your body!
You die...

#.#.####.....## #.....#.### #.#.#
#........###... #..#
##(#.##.....##....##.####.##
#........##.###.......###..######
#........#...#...................
#...>......... #......###........
.............. #....†.# ##.......
.#.............#55....# #.......
####.........5.h@.#.#######......
##.........#####.##...#.......
#....#..........#............
#####.#.########.................
......#.## ###.###...........#.
####.....#####.>.# #.............
##........#...# ##............
#........#...# #######......
#............# ###....


You could see Natasha, a crimson imp, a white imp and a shadow imp.

Vanquished Creatures
  An adder (D:2)
  A dart slug (D:1)
  3 leopard geckos
  6 giant cockroaches
  7 goblins
  A hobgoblin (D:1)
  5 kobolds
  2 bats (D:1)
  A frilled lizard (D:2)
  2 rats
29 creatures vanquished.

Notes
Turn   | Place    | Note
-------+----------+-------------------------------------------
     0 | D:1      | Revguard the Gargoyle Fighter began the quest for the Orb.
     0 | D:1      | Reached XP level 1. HP: 14/14 MP: 1/1
    83 | D:1      | Reached XP level 2. HP: 8/19 MP: 2/2
   585 | D:1      | Reached XP level 3. HP: 24/24 MP: 3/3
  1263 | D:2      | Noticed Natasha
  1278 | D:2      | Killed from afar by a shadow imp

Action                   || total
-------------------------++-------
Melee: Flail             ||   123
  Use: Scroll            ||     2
  Eat: Chunk             ||     1
Armor: Scale mail        ||    20
       Chain mail        ||    84
Dodge: Dodged            ||    35
Block: Shield            ||    91
